 Dungeon Crawl Stone Soup version 0.29-a0-341-g24ffce5b50 (webtiles) character file.

Game seed: 5150693170766136811

5 HendSelp the Ducker (level 1, -3/18 HPs)
             Began as a Human Monk on Apr 20, 2022.
             Slain by a hobgoblin (4 damage)
             ... on level 1 of the Dungeon.
             The game lasted 00:00:19 (65 turns).

HendSelp the Ducker (Human Monk)                      Turns: 65, Time: 00:00:20

Health: -3/18      AC:  2    Str: 11    XL:     1   Next: 88%
Magic:  1/1        EV: 13    Int: 10    God:
Gold:   0          SH:  0    Dex: 15    Spells: 0/0 levels left

rFire   . . .      SeeInvis .     - Unarmed
rCold   . . .      Faith    .   (no shield)
rNeg    . . .      Spirit   .   a - +0 robe
rPois   .          Reflect  .   (no helmet)
rElec   .          Harm     .   (no cloak)
rCorr   .          Rampage  .   (no gloves)
Will    .....                   (no boots)
Stlth   ++........              (no amulet)
HPRegen 0.06/turn               (no ring)
MPRegen 0.07/turn               (no ring)

@: no status effects
A: no striking features
a: no special abilities


You were on level 1 of the Dungeon.
You visited 1 branch of the dungeon, and saw 1 of its levels.

Inventory:

Armour
 a - a +0 robe (worn)
Potions
 c - a potion of degeneration {unknown}
 d - a potion of heal wounds {unknown}


   Skills:
 * Level 3.1 Fighting
 * Level 0.1 Armour
 * Level 3.1 Dodging
 - Level 2.0 Stealth
 * Level 3.1 Unarmed Combat


You couldn't memorise any spells.
You didn't know any spells.
Your spell library was empty.

Dungeon Overview and Level Annotations

Branches:
Dungeon (1/15)

Altars:


Message History

* * * LOW HITPOINT WARNING * * *
You are too injured to fight recklessly!
The endoplasm attacks as you move away! The endoplasm closely misses you.
You hit the endoplasm.
The endoplasm is heavily wounded.
The endoplasm misses you.
You are too injured to fight recklessly!
You hit the endoplasm.
The endoplasm is severely wounded.
The hobgoblin misses you. The endoplasm barely misses you.
You are too injured to fight recklessly!
You are too injured to fight recklessly!
You are too injured to fight recklessly!
You hit the endoplasm.
You kill the endoplasm!
The hobgoblin hits you.
* * * LOW HITPOINT WARNING * * *
You are too injured to fight recklessly!
You hit the endoplasm.
You kill the endoplasm!
The hobgoblin closely misses you.
Unknown command.
You hit the hobgoblin but do no damage.
The hobgoblin hits you but does no damage.
Unknown command.
You hit the hobgoblin but do no damage. The hobgoblin closely misses you.
Unknown command.
You closely miss the hobgoblin. The hobgoblin barely misses you.
You hit the hobgoblin but do no damage. You hit the hobgoblin but do no damage.
The hobgoblin barely misses you.
You hit the hobgoblin.
The hobgoblin is almost dead.
The hobgoblin closely misses you.
You hit the hobgoblin.
The hobgoblin is almost dead.
The hobgoblin misses you.
You closely miss the hobgoblin.
The hobgoblin is almost dead.
The hobgoblin hits you.
You die...

##### ### ##.... ..# ....#
#.# # . #.#.# #.# .# .. #
##.#.########.##..## J..
#.##........#...... .##....
........###....#.####.....#
#
#.##.[........@.....#....#
.#.......####..g#.........#
...#....##.......##.####..#
##.#.........#...##.# #
#......##.......##..
...#...............#####
#.........#.......#
##..#'#..##.......#
####⌠#### .......


You could see a hobgoblin.

Vanquished Creatures
  3 endoplasms (D:1)
  A hobgoblin (D:1)
4 creatures vanquished.

Notes
Turn   | Place    | Note
-------+----------+-------------------------------------------
     0 | D:1      | HendSelp the Human Monk began the quest for the Orb.
     0 | D:1      | Reached XP level 1. HP: 18/18 MP: 1/1
    65 | D:1      | Slain by a hobgoblin

Illustrated notes

Levels and vault maps discovered:
D:1:      grunt_arrival_crossed_arrows, layout_loops_ring,
          shapermc_ecumenical_altar_petra, amcnicky_mini_corridor_feature,
          minmay_bisected

Action                   || total
-------------------------++-------
Melee: Unarmed           ||    25
       Punch             ||     1
  Use: Potion            ||     1
Armor: Robe              ||     2
Dodge: Dodged            ||    22

Table legend: (Time is in decaauts)
 A = Elapsed time spent in this place.
 B = Non-inter-level travel time spent in this place.
 C = Inter-level travel time spent in this place.
 D = Time resting spent in this place.
 E = Time spent auto-exploring this place.
 F = Levels seen in this place.
 G = Mean time per level.
                   A        B        C        D        E       F      G
               +--------+--------+--------+--------+--------+-----+--------+
         Total |     63 |     63 |      0 |      0 |     20 |   1 |   63.0 |
       Dungeon |     63 |     63 |      0 |      0 |     20 |   1 |   63.0 |
               +--------+--------+--------+--------+--------+-----+--------+

Top non-repeatable levels by time:
     D:1: 63 daAuts
